 Dungeon Crawl Stone Soup version 0.29.1-1-gd02db6906a (webtiles) character file.

Game seed: 3713867099050129889

2891 Demigod47 the Cleaver (level 9, -1/86 HPs)
             Began as a Minotaur Fighter on Oct 6, 2022.
             Was an Elder of Trog.
             Slain by a hornet (4 damage)
             ... on level 8 of the Dungeon.
             The game lasted 00:47:49 (8275 turns).

Demigod47 the Cleaver (Minotaur Fighter)            Turns: 8275, Time: 00:47:50

Health: -1/86      AC: 14    Str: 30    XL:     9   Next: 48%
Magic:  8/8        EV:  8    Int:  4    God:    Trog [****..]
Gold:   85         SH:  5    Dex: 14    Spells: 8/8 levels left

rFire   + . .      SeeInvis +   y - +3 flail (protect)
rCold   . . .      Faith    +   c - +0 buckler
rNeg    . . .      Spirit   .   D - +0 plate armour
rPois   .          Reflect  .   (helmet restricted)
rElec   .          Harm     .   (no cloak)
rCorr   .          Rampage  .   (no gloves)
Will    .....                   (no boots)
Stlth   ..........              l - amulet of faith
HPRegen 0.24/turn               z - ring of protection from fire
MPRegen 0.11/turn               L - +6 ring of strength

@: lethally poisoned (-1 -> -3), slowed, very slow
A: horns 2, retaliatory headbutt, see invisible, agile 1, robust 1
a: Renounce Religion, Berserk, Trog's Hand, Brothers in Arms


You were on level 8 of the Dungeon.
You worshipped Trog.
Trog was greatly pleased with you.
You visited 2 branches of the dungeon, and saw 9 of its levels.
You also visited: Ossuary.

You collected 589 gold pieces.
You spent 504 gold pieces at shops.

Inventory:

Hand Weapons
 a - a +0 war axe
 f - a +4 quarterstaff of chaos
 w - a +0 halberd
 y - a +3 flail of protection (weapon)
 A - a +0 shortbow
 B - a +0 battleaxe
 F - a +3 trident of protection
Missiles
 i - 68 stones (quivered)
 J - 8 boomerangs
 K - 5 poisoned darts
 O - 5 large rocks
 Q - 2 throwing nets
Armour
 b - a +0 scale mail
 c - a +0 buckler (worn)
 D - a +0 plate armour (worn)
Jewellery
 l - an amulet of faith (around neck)
 z - a ring of protection from fire (left hand)
 L - a +6 ring of strength (right hand)
Wands
 G - a wand of acid (10)
 H - a wand of roots (6)
Scrolls
 g - a scroll of poison
 k - a scroll of identify
 n - 5 scrolls of amnesia
 o - a scroll of brand weapon {unknown}
 p - 2 scrolls of silence {unknown}
 q - a scroll of butterflies {unknown}
 v - 2 scrolls of magic mapping {unknown}
 E - a scroll of noise {unknown}
 I - 3 scrolls of teleportation {unknown}
 M - a scroll of enchant armour {unknown}
 V - 2 scrolls of enchant weapon {unknown}
Potions
 d - 2 potions of might
 e - 2 potions of brilliance
 r - 3 potions of haste
 x - 5 potions of curing
 C - 2 potions of attraction


   Skills:
 + Level 7.4 Fighting
 + Level 9.4(10.2) Axes
 + Level 6.0(8.5) Maces & Flails
 + Level 8.8 Armour
 + Level 1.1 Dodging
 + Level 0.2 Stealth
 + Level 5.5 Shields


You had 8 spell levels left.
You didn't know any spells.
Your spell library contained the following spells:

 Spells                   Type           Power      Damage    Failure   Level
 Apportation              Tloc           0%         N/A       99%         1
 Necrotise                Necr           0%         1d4       99%         1
 Summon Small Mammal      Summ           0%         N/A       99%         1
 Ensorcelled Hibernation  Hex/Ice        0%         N/A       100%        2
 Call Canine Familiar     Summ           0%         N/A       100%        3
 Spider Form              Tmut/Pois      0%         N/A       100%        3
 Summon Guardian Golem    Hex/Summ       0%         N/A       100%        3
 Vampiric Draining        Necr           0%         2d6       100%        3
 Anguish                  Hex/Necr       0%         N/A       100%        4
 Agony                    Necr           0%         N/A       100%        5


Dungeon Overview and Level Annotations

Branches:
Dungeon (8/15)             Temple (1/1) D:4         Ossuary (visited)
   Lair: D:8-11

Altars:
Ashenzari
Cheibriados
Dithmenos
Elyvilon
Fedhas
Gozag
Hepliaklqana
Kikubaaqudgha
Makhleb
Nemelex Xobeh
Okawaru
Qazlal
Ru
Sif Muna
Trog
Vehumet
Wu Jian
Xom
Yredelemnul
Zin
The Shining One

Shops:
D:6 =


Innate Abilities, Weirdness & Mutations

You have a pair of horns on your head.
You reflexively headbutt those who attack you in melee.
You have supernaturally acute eyesight. (SInv)
You are agile. (Dex +4, Str/Int -1)
You are robust. (+10% HP)


Message History

You feel as though you will be slow longer.
The hornet stings you!
You are more poisoned.
You feel as though you will be slow longer.
The hornet closely misses you. The hornet barely misses you.
The hornet attacks as you move away! The hornet closely misses you.
You feel extremely sick. The hornet stings you.
You suddenly lose the ability to move!
The hornet stings you!
You are more poisoned.
You shrug off the repeated paralysis!
The hornet stings you but does no damage.
You can move again.
The hornet attacks as you move away!
The hornet stings you but does no damage.
* * * LOW HITPOINT WARNING * * *
You feel extremely sick.
The hornet stings you but does no damage.
* * * LOW HITPOINT WARNING * * *
You feel very sick.
The hornet stings you but does no damage.
You feel very sick. The hornet misses you. You furiously retaliate!
You headbutt the hornet, but do no damage.
The hornet stings you but does no damage.
There is a stone staircase leading up here.
You feel very sick. The hornet stings you.
* * * LOW HITPOINT WARNING * * *
You suddenly lose the ability to move!
You stop ascending the stairs.
The hornet stings you but does no damage.
* * * LOW HITPOINT WARNING * * *
You feel sick. The hornet barely misses you.
* * * LOW HITPOINT WARNING * * *
You feel sick.
The hornet stings you but does no damage. x2
You can move again.
* * * LOW HITPOINT WARNING * * *
You feel sick. The hornet stings you.
You die...

#:..........
#...........
#..........
(.......# .
#.......#..
#........#.
#####........#
#@yyzz.......#
#####S.......#
#.......#.
##.....#..
#S....# .
#.......
#........
#........


You could see 2 hornets, a water moccasin and 2 wights.

Vanquished Creatures
  Edmund (D:5)
  Duvessa (D:5)
  2 black bears
  2 ice beasts (D:6)
  An orc warrior (D:5)
  An ogre (D:4)
  2 centaurs
  2 phantoms
  2 elf zombies (Ossuary)
  Blork the orc (D:5)
  A bullfrog (D:6)
  A necrophage (D:4)
  3 scorpions
  Dowan (D:5)
  3 howler monkeys (D:7)
  4 centaur zombies (Ossuary)
  2 hounds
  3 human zombies (Ossuary)
  A jelly (D:5)
  4 orc priests
  Crazy Yiuf (D:5)
  7 iguanas
  8 orc wizards
  A hound zombie (Ossuary)
  3 mummies (Ossuary)
  3 gnolls (D:3)
  5 adders
  3 shadow imps
  2 white imps
  4 ufetubi
  2 adder zombies (Ossuary)
  30 orcs
  2 bats (D:1)
  8 endoplasms
  7 giant cockroaches
  2 gnoll zombies (Ossuary)
  7 goblins
  5 hobgoblins
  3 quokkas
  5 ball pythons
  4 frilled lizards
  3 goblin zombies (Ossuary)
  2 hobgoblin zombies (Ossuary)
  A jackal zombie (Ossuary)
  5 kobolds
  5 kobold zombies (Ossuary)
  4 quokka zombies (Ossuary)
  3 rats
  5 rat zombies (Ossuary)
178 creatures vanquished.

Notes
Turn   | Place    | Note
-------+----------+-------------------------------------------
     0 | D:1      | Demigod47 the Minotaur Fighter began the quest for the Orb.
     0 | D:1      | Reached XP level 1. HP: 19/19 MP: 0/0
   304 | D:1      | Reached XP level 2. HP: 22/27 MP: 1/1
   769 | D:1      | Found a faded altar of an unknown god.
   772 | D:1      | Prayed at the altar of an unknown god.
   772 | D:1      | Became a worshipper of Trog the Wrathful
   772 | D:1      | Reached * piety under Trog
  1279 | D:2      | Reached skill level 3 in Axes
  1279 | D:2      | Reached XP level 3. HP: 19/33 MP: 2/2
  1997 | D:3      | Found a basalt altar of Yredelemnul.
  2264 | D:3      | Reached XP level 4. HP: 32/40 MP: 3/3
  3443 | D:4      | Noticed an ogre
  3449 | D:4      | Killed an ogre
  3450 | D:4      | Reached skill level 4 in Axes
  3450 | D:4      | Reached skill level 5 in Armour
  3450 | D:4      | Reached XP level 5. HP: 17/47 MP: 4/4
  3635 | D:4      | Found a blossoming altar of Fedhas.
  3635 | D:4      | Found a glowing golden altar of the Shining One.
  3694 | D:4      | Reached ** piety under Trog
  3719 | D:4      | Reached skill level 5 in Axes
  3719 | D:4      | Reached XP level 6. HP: 53/53 MP: 5/5
  3797 | D:4      | Found a white marble altar of Elyvilon.
  3849 | D:4      | Found a sand-covered staircase.
  3854 | Ossuary  | Entered an ossuary
  3924 | Ossuary  | Reached XP level 7. HP: 44/60 MP: 6/6
  3939 | Ossuary  | Reached skill level 6 in Axes
  3951 | Ossuary  | Reached skill level 5 in Fighting
  4254 | Ossuary  | Reached *** piety under Trog
  4302 | Ossuary  | Reached skill level 7 in Axes
  4702 | D:4      | Found a staircase to the Ecumenical Temple.
  4714 | Temple   | Entered the Ecumenical Temple
  5002 | D:5      | Entered Level 5 of the Dungeon
  5026 | D:5      | Noticed Duvessa
  5026 | D:5      | Noticed Dowan
  5038 | D:5      | Killed Dowan
  5042 | D:5      | Killed Duvessa
  5043 | D:5      | Reached XP level 8. HP: 70/70 MP: 7/7
  5283 | D:5      | Reached skill level 8 in Axes
  5306 | D:5      | Found a runed translucent door.
  5307 | D:5      | Noticed Crazy Yiuf
  5579 | D:5      | Noticed Edmund
  5595 | D:5      | Killed Edmund
  5909 | D:5      | Noticed Blork the orc
  5915 | D:5      | Killed Blork the orc
  5916 | D:5      | Reached skill level 9 in Axes
  6066 | D:5      | Reached skill level 1 in Maces & Flails
  6078 | D:5      | Reached skill level 5 in Shields
  6359 | D:5      | Gained mutation: You sometimes lose your temper in combat.
                  | [potion of mutation]
  6359 | D:5      | Gained mutation: You are robust. (+10% HP) [potion of
                  | mutation]
  6365 | D:5      | Killed Crazy Yiuf
  6560 | D:6      | Reached XP level 9. HP: 69/85 MP: 8/8
  6572 | D:6      | Found Redawa's Jewellery Boutique.
  6663 | D:6      | Reached **** piety under Trog
  6760 | D:6      | Reached skill level 1 in Dodging
  7481 | D:7      | Reached skill level 5 in Maces & Flails
  7804 | D:6      | Bought a +6 ring of strength for 504 gold pieces
  8100 | D:7      | Lost mutation: You are robust. (+10% HP) [potion of
                  | mutation]
  8100 | D:7      | Lost mutation: You sometimes lose your temper in combat.
                  | [potion of mutation]
  8100 | D:7      | Gained mutation: You are robust. (+10% HP) [potion of
                  | mutation]
  8100 | D:7      | Gained mutation: You have supernaturally acute eyesight.
                  | (SInv) [potion of mutation]
  8100 | D:7      | Gained mutation: You are agile. (Dex +4, Str/Int -1)
                  | [potion of mutation]
  8268 | D:8      | Paralysed by a hornet for 1 turns
  8272 | D:8      | Paralysed by a hornet for 3 turns
  8274 | D:8      | HP: 4/86 [poisoned by a hornet]
  8275 | D:8      | Slain by a hornet

Illustrated notes

Levels and vault maps discovered:
D:1:      enne_arrival_octagon_isle, layout_loops_corners,
          hellmonk_ecumenical_altar_inner_sanctum
D:2:      layout_rooms
D:3:      layout_loops_ring, amcnicky_altar_gilded
D:4:      layout_loops_cross, mainiacjoe_overflow_paths,
          amethyst_overflow_temple_binary, minmay_temple_entry_fiery,
          enter_ossuary_5
D:5:      layout_gridville, guppyfry_early_orc_mine, uniq_edmund,
          uniq_blork_the_orc, uniq_duvessa, uniq_crazy_yiuf_cottage
D:6:      layout_loops_ring, serial_shops, kennysheep_mini, nicolae_sextant
D:7:      layout_basic
D:8:      minmay_cut_squares, layout_basic, nicolae_shop_sticking_my_neck_out,
          uniq_joseph
Temple:   lightli_temple_of_artemis

Skill      XL: |  1  2  3  4  5  6  7  8  9 |
---------------+----------------------------+-----
Armour         | 4 5 6 7 8 |  8.8
Fighting       | 4 5 6 7 |  7.4
Shields        | 4 5 |  5.5
Axes           | 3 4 5 7 9 |  9.4
Maces & Flails | 3 6 |  6.0
Dodging        | 1 |  1.1
Stealth        | |  0.2

Action                   |  1- 3 |  4- 6 |  7- 9 || total
-------------------------+-------+-------+-------++-------
Melee: War axe           |    84 |   105 |   159 ||   348
       Headbutt          |     9 |    24 |    55 ||    88
       Flail             |       |       |   136 ||   136
Invok: Berserk           |       |     2 |     2 ||     4
  Use: Potion            |     1 |       |    14 ||    15
       Scroll            |       |       |     2 ||     2
Armor: Scale mail        |    42 |       |       ||    42
       Plate armour      |    10 |    83 |   205 ||   298
Dodge: Dodged            |    39 |    31 |    92 ||   162
Block: Buckler           |    30 |    21 |    81 ||   132
